 Dungeon Crawl Stone Soup version 0.30-a0-123-g91d0c66ccf (webtiles) character file.

Game seed: 388637844956228239

63 porpoise the Ruffian (level 3, 0/37 HPs)
             Began as a Troll Fighter on Sept 17, 2022.
             Slain by a gnoll
             ... wielding a +0 whip
              (1 damage)
             ... on level 2 of the Dungeon.
             The game lasted 00:05:19 (1214 turns).

porpoise the Ruffian (Troll Fighter)                Turns: 1214, Time: 00:05:20

Health: 0/37       AC:  4    Str: 24    XL:     3   Next: 87%
Magic:  2/2        EV:  8    Int:  4    God:
Gold:   47         SH:  7    Dex: 11    Spells: 2/2 levels left

rFire   . . .      SeeInvis .      - Unarmed
rCold   . . .      Faith    .    b - +0 kite shield
rNeg    . . .      Spirit   .    a - +0 robe
rPois   .          Reflect  .    (helmet restricted)
rElec   .          Harm     .    (no cloak)
rCorr   .          Rampage  .    (gloves unavailable)
Will    .....                    (boots unavailable)
Stlth   +.........               (no amulet)
HPRegen 0.92/turn                (no ring)
MPRegen 0.08/turn                (no ring)

@: lethally poisoned (0 -> -7)
A: large, unfitting armour, claws 3, regeneration 1, shaggy fur 1, tough skin 1
a: no special abilities


You were on level 2 of the Dungeon.
You visited 1 branch of the dungeon, and saw 2 of its levels.

You collected 47 gold pieces.

Inventory:

Armour
 a - a +0 robe (worn)
 b - a +0 kite shield (worn)
Jewellery
 j - a ring of ice
Scrolls
 d - a scroll of fog {unknown}
 e - 4 scrolls of identify {unknown}
 g - a scroll of enchant weapon {unknown}
 h - 2 scrolls of teleportation {unknown}
 l - 3 scrolls of magic mapping {unknown}
 m - 3 scrolls of immolation
Potions
 c - 2 potions of might
 f - a potion of haste {unknown}
 i - a potion of attraction {unknown}
 k - a potion of resistance {unknown}
 n - 2 potions of curing {unknown}


   Skills:
 + Level 3.0 Fighting
 - Level 2.4 Dodging
 + Level 3.0 Shields
 * Level 3.3 Unarmed Combat


You had 2 spell levels left.
You didn't know any spells.
Your spell library contained the following spells:

 Spells                   Type           Power      Damage    Failure   Level
 Ignite Poison            Fire/Tmut/Pois 0%         N/A       99%         3
 Mephitic Cloud           Conj/Pois/Air  0%         N/A       99%         3
 Freezing Cloud           Conj/Ice/Air   0%         6-21      100%        5


Dungeon Overview and Level Annotations

Branches:
Dungeon (2/15)

Altars:


Innate Abilities, Weirdness & Mutations

You are too large for most types of armour.
You have claws for hands.
Your natural rate of healing is unusually fast.
You are covered in fur. (AC +1)
You have tough skin. (AC +1)


Message History

The gnoll is almost dead.
The gnoll shouts!
The gnoll hits you but does no damage.
You barely miss the gnoll.
The gnoll is almost dead.
The gnoll barely misses you. x2
You barely miss the gnoll.
The gnoll is almost dead.
You block the gnoll's attack. x2
You scratch the gnoll but do no damage.
The gnoll is almost dead.
The gnoll hits you from afar with a +4 spear of venom.
You are poisoned.
You block the gnoll's attack.
You claw the gnoll!
You kill the gnoll!
You feel very sick.
The gnoll hits you from afar with a +4 spear of venom.
You are more poisoned.
Your Fighting skill increases to level 3!
You feel very sick.
The gnoll hits you with a +4 spear of venom.
You see here a +0 club.
You closely miss the gnoll.
You feel very sick.
The gnoll hits you with a +4 spear of venom.
You closely miss the gnoll.
You feel sick.
The gnoll hits you with a +4 spear of venom.
* * * LOW HITPOINT WARNING * * *
You are lethally poisoned!
You claw the gnoll!
You kill the gnoll!
* * * LOW HITPOINT WARNING * * *
You feel very sick.
Your Shields skill increases to level 3!
You completely miss the gnoll.
* * * LOW HITPOINT WARNING * * *
You feel very sick. The gnoll hits you with a +0 whip.
You die...

##.##.........##.##..............
..............##.................
.........)..#######.#............
............#....##............##
#+#........#.##.###...........##
##.......#.##.# #.######....##
+.††>...#.##.# #...## #....##
##+##.†....##.##g# ###..# #......
......###+#.#.##@# ##.###....##
......###.#<#.##.# #........#
.................# ####÷....#
.................# #.....##
.................#########...#...
......###....................#...
##.#### ###......................
†..########......................
###..................#....##.#...


You could see a gnoll.

Vanquished Creatures
  2 gnolls (D:2)
  An adder (D:2)
  A worm (D:2)
  3 bats (D:1)
  3 endoplasms
  A giant cockroach (D:1)
  A goblin (D:1)
  2 hobgoblins (D:2)
  3 jackals (D:1)
  2 quokkas (D:2)
  3 ball pythons
  2 frilled lizards
  6 kobolds
  2 rats (D:2)
32 creatures vanquished.

Notes
Turn   | Place    | Note
-------+----------+-------------------------------------------
     0 | D:1      | porpoise the Troll Fighter began the quest for the Orb.
     0 | D:1      | Reached XP level 1. HP: 22/22 MP: 0/0
    63 | D:1      | Reached XP level 2. HP: 29/29 MP: 1/1
   750 | D:2      | Found a faded altar of an unknown god.
   885 | D:2      | Reached XP level 3. HP: 36/36 MP: 2/2
  1214 | D:2      | HP: 1/37 [poisoned by a gnoll]
  1214 | D:2      | Slain by a gnoll

Illustrated notes

Levels and vault maps discovered:
D:1:      co_arrival_hall_of_pillars, layout_basic
D:2:      layout_basic, hellmonk_ecumenical_altar_blasted

Skill      XL: |  1  2  3 |
---------------+----------+-----
Unarmed Combat | 3 |  3.3
Fighting       | 3 |  3.0
Shields        | 3 |  3.0
Dodging        | |  2.4

Action                   || total
-------------------------++-------
Melee: Unarmed           ||    98
 Stab: Sleeping          ||     1
Armor: Robe              ||    24
Dodge: Dodged            ||    29
Block: Kite shield       ||    29

Table legend: (Time is in decaauts)
 A = Elapsed time spent in this place.
 B = Non-inter-level travel time spent in this place.
 C = Inter-level travel time spent in this place.
 D = Time resting spent in this place.
 E = Time spent auto-exploring this place.
 F = Levels seen in this place.
 G = Mean time per level.
                   A        B        C        D        E       F      G
               +--------+--------+--------+--------+--------+-----+--------+
         Total |   1221 |   1213 |      8 |    108 |    821 |   2 |  610.5 |
       Dungeon |   1221 |   1213 |      8 |    108 |    821 |   2 |  610.5 |
               +--------+--------+--------+--------+--------+-----+--------+

Top non-repeatable levels by time:
     D:1: 713 daAuts
     D:2: 508 daAuts
